 Dungeon Crawl Stone Soup version 0.30.0-20-g3615ddf2f0 (webtiles) character file.

Game seed: 5556907798999438512

339 qw the Chopper (level 6, -2/38 HPs)
             Began as a Gargoyle Fighter on May 29, 2023.
             Slain by a gnoll
             ... wielding a +0 halberd
              (9 damage)
             ... on level 3 of the Dungeon.
             The game lasted 00:01:23 (2692 turns).

qw the Chopper (Gargoyle Fighter)                   Turns: 2692, Time: 00:01:24

Health: -2/38      AC: 12    Str: 21    XL:     6   Next: 55%
Magic:  6/6        EV:  9    Int:  9    God:
Gold:   233        SH:  4    Dex:  9    Spells: 5/5 levels left

rFire   . . .        Y - +0 war axe (heavy)
rCold   . . .        c - +0 buckler
rNeg    + . .        b - +0 scale mail
rPois   inf          (no helmet)
rElec   +            (no cloak)
rCorr   .            (no gloves)
SInv    +            h - +0 pair of boots
Will    .....        (no amulet) Stlth
                     k - ring of see invisible
HPRegen 0.26/turn    (no ring)
MPRegen 0.10/turn

%: no passive effects
@: about to teleport
A: sickness immunity, AC +4, negative energy resistance 1, electricity
resistance, torment resistance 1, petrification resistance
a: no special abilities


You were on level 3 of the Dungeon.
You visited 1 branch of the dungeon, and saw 3 of its levels.

You collected 233 gold pieces.


Innate Abilities, Weirdness & Mutations

You are immune to sickness and miasma.
Your stone body is resilient. (AC +4)
You are immune to poison.
You resist negative energy. (rN+)
You are resistant to electric shocks. (rElec)
You are resistant to unholy torment.
You are immune to petrification.


   Skills:
 - Level 4.0 Fighting
 + Level 5.4 Axes
 - Level 3.2 Armour
 - Level 1.6 Dodging
 - Level 3.2 Shields


You had 5 spell levels left.
You didn't know any spells.
Your spell library was empty.

Inventory:

Hand Weapons
 r - a +0 flail
 Y - a +0 heavy war axe (weapon)
Missiles
 o - 2 boomerangs (quivered)
Armour
 b - a +0 scale mail (worn)
 c - a +0 buckler (worn)
 h - a +0 pair of boots (worn)
 i - a +0 chain mail
 q - a +0 kite shield
Jewellery
 k - a ring of see invisible (left hand)
Scrolls
 a - 2 scrolls of blinking {unknown}
 m - a scroll of identify
 n - a scroll of teleportation
 p - a scroll of summoning {unknown}
Potions
 d - a potion of might
 f - a potion of lignification {unknown}
 g - a potion of mutation {unknown}
 j - a potion of attraction {unknown}
 l - a potion of curing

Dungeon Overview and Level Annotations

Branches:
Dungeon (3/15)

Altars:
Dithmenos
Kikubaaqudgha


Message History

The orc hits you but does no damage.
You hit the orc.
The orc is severely wounded.
You block the orc's attack. The gnoll hits you but does no damage.
The orc barely misses you.
You barely miss the orc.
The orc is severely wounded.
The gnoll hits you from afar with a +0 halberd!
The orc hits you but does no damage. The gnoll completely misses you.
The orc misses you.
You closely miss the orc.
The orc is severely wounded.
The gnoll barely misses you. The orc hits you but does no damage.
The gnoll hits you from afar with a +0 halberd!
The orc closely misses you.
You closely miss the orc.
The orc is severely wounded.
The gnoll barely misses you. The orc closely misses you.
The gnoll hits you but does no damage. The orc closely misses you.
You hit the orc.
You kill the orc!
You block the gnoll's attack. The gnoll barely misses you.
You block the gnoll's attack.
There is a large open door, spattered with blood here.
Items here: % ))).
You closely miss the gnoll. The gnoll closely misses you.
The gnoll barely misses you.
You barely miss the gnoll.
The gnoll hits you but does no damage. x2; The gnoll hits you with a +0 club.
You closely miss the gnoll. You barely miss the gnoll.
The gnoll hits you with a +0 halberd! The gnoll hits you but does no damage.
2691 ||| READING 2 scrolls of teleportation.
As you read the scroll of teleportation, it crumbles to dust.
You feel strangely unstable. The gnoll hits you with a +0 club.
The gnoll hits you but does no damage.
You hit the gnoll.
The gnoll is moderately wounded.
You hit the gnoll. The gnoll hits you but does no damage.
The gnoll hits you with a +0 halberd!
You die...

~~~~~~~~~~~~~~~~#####~~....#.####
................#..g#~~....#.....
#################...#~~P...#.....
'..'.......'....#'###~~....#.#+##
#''#########....#.#.~~~....#.....
...........#....#.#.~~~..P.#.....
...........######.#.~~~....#.....
...........'....g.#.~~~....#.)..)
.).........'....@.#.~~~....#.#.##
#''##############g#.~~~....#.#...
....#######. .#.~~~....#.#...
....'.....'. .#.~~~....#.#...
....#######. #'###~~....#.....
''''#############...#~~....#.#.##
................#...#~~....#.#.##
....~~~)~~~~~~~~#####~~....#.#>..
....~~~~~~~~~~~~~~~~~~~....#.....


You could see 2 gnolls.

Vanquished Creatures
  A gnoll sergeant (D:3)
  A howler monkey (D:3)
  A hound (D:3)
  12 gnolls (D:3)
  A worm (D:2)
  A dart slug (D:1)
  15 orcs (D:3)
  5 ball pythons
  3 endoplasms (D:2)
  A giant cockroach (D:1)
  4 goblins
  4 hobgoblins
  12 jackals (D:3)
  6 kobolds
  2 quokkas
  2 bats (D:2)
  2 rats
73 creatures vanquished.

Notes
Turn   | Place    | Note
-------+----------+-------------------------------------------
     0 | D:1      | qw the Gargoyle Fighter began the quest for the Orb.
     0 | D:1      | Reached XP level 1. HP: 14/14 MP: 1/1
     0 | D:1      | 0 ||| qw: Version: 0.2-a-101-gf424e7f
     0 | D:1      | 0 ||| qw: Game counter: 323
     0 | D:1      | 0 ||| qw: Always use a shield: true
     0 | D:1      | 0 ||| qw: God list: Okawaru
     0 | D:1      | 0 ||| qw: Allow faded altars: false
     0 | D:1      | 0 ||| qw: Do Orc after D:15 true
     0 | D:1      | 0 ||| qw: Do second Lair branch before Depths: true
     0 | D:1      | 0 ||| qw: Lair rune preference: random
     0 | D:1      | 0 ||| qw: Plans: Normal, Zot:1-4, Slime:5, God:TSO, Crypt,
                  | Tomb, Pan, Hells, Abyss, Win
     0 | D:1      | 0 ||| PLANNING D:1-11
   211 | D:1      | 211 ||| Stepping ~*~*~tactically~*~*~ (stealth).
   216 | D:1      | 216 ||| Stepping ~*~*~tactically~*~*~ (hiding).
   225 | D:1      | Reached skill level 2 in Axes
   228 | D:1      | Reached XP level 2. HP: 11/19 MP: 2/2
   726 | D:1      | 726 ||| DROPPING ring of flight.
   727 | D:1      | 727 ||| READING scroll labelled HEIZAV HUIGAEG.
   728 | D:1      | 728 ||| READING scroll labelled MUUFAI VETUOC.
   729 | D:1      | 729 ||| READING scroll labelled DELUID XETU.
   733 | D:1      | 733 ||| READING scroll labelled FIMUZE OSON.
   734 | D:1      | 734 ||| READING scroll labelled MAMMESTRIMI.
   735 | D:1      | 735 ||| DRINKING 3 viscous clear potions.
   880 | D:2      | 880 ||| Stepping ~*~*~tactically~*~*~ (stealth).
   888 | D:2      | Reached skill level 3 in Axes
  1057 | D:2      | 1057 ||| Stepping ~*~*~tactically~*~*~ (hiding).
  1066 | D:2      | Reached XP level 3. HP: 21/23 MP: 3/3
  1066 | D:2      | 1066 ||| Stepping ~*~*~tactically~*~*~ (stealth).
  1077 | D:2      | 1077 ||| Stepping ~*~*~tactically~*~*~ (stealth).
  1079 | D:2      | 1079 ||| Stepping ~*~*~tactically~*~*~ (stealth).
  1080 | D:2      | 1080 ||| Stepping ~*~*~tactically~*~*~ (stealth).
  1201 | D:2      | 1201 ||| Stepping ~*~*~tactically~*~*~ (stealth).
  1505 | D:2      | 1505 ||| UPGRADING to +0 pair of boots.
  1510 | D:2      | 1510 ||| UPGRADING to ring of see invisible.
  1511 | D:2      | 1511 ||| READING scroll labelled QIFOYW VAYRA.
  1512 | D:2      | 1512 ||| READING scroll labelled VUSHRU NORAUNO.
  1513 | D:2      | 1513 ||| READING scroll labelled SIDASUFUAMN.
  1619 | D:3      | 1619 ||| Stepping ~*~*~tactically~*~*~ (hiding).
  1621 | D:3      | 1621 ||| Stepping ~*~*~tactically~*~*~ (hiding).
  1622 | D:3      | 1622 ||| Stepping ~*~*~tactically~*~*~ (hiding).
  1623 | D:3      | 1623 ||| Stepping ~*~*~tactically~*~*~ (hiding).
  1624 | D:3      | 1624 ||| Stepping ~*~*~tactically~*~*~ (hiding).
  2026 | D:3      | Reached skill level 4 in Axes
  2026 | D:3      | Reached XP level 4. HP: 27/28 MP: 4/4
  2049 | D:3      | Reached XP level 5. HP: 27/32 MP: 5/5
  2132 | D:3      | Found a shadowy altar of Dithmenos.
  2132 | D:3      | Found an ancient bone altar of Kikubaaqudgha.
  2358 | D:3      | 2358 ||| Stepping ~*~*~tactically~*~*~ (hiding).
  2359 | D:3      | 2359 ||| Stepping ~*~*~tactically~*~*~ (hiding).
  2360 | D:3      | 2360 ||| Stepping ~*~*~tactically~*~*~ (hiding).
  2361 | D:3      | 2361 ||| Stepping ~*~*~tactically~*~*~ (hiding).
  2412 | D:3      | 2412 ||| Stepping ~*~*~tactically~*~*~ (stealth).
  2413 | D:3      | 2413 ||| Stepping ~*~*~tactically~*~*~ (stealth).
  2414 | D:3      | 2414 ||| Stepping ~*~*~tactically~*~*~ (stealth).
  2421 | D:3      | 2421 ||| Stepping ~*~*~tactically~*~*~ (stealth).
  2425 | D:3      | Reached skill level 5 in Axes
  2432 | D:3      | 2432 ||| FLEEEEING.
  2433 | D:3      | 2433 ||| FLEEEEING.
  2434 | D:3      | 2434 ||| FLEEEEING.
  2435 | D:3      | 2435 ||| FLEEEEING.
  2465 | D:3      | Reached skill level 1 in Dodging
  2465 | D:3      | Reached XP level 6. HP: 16/38 MP: 6/6
  2465 | D:3      | 2465 ||| FLEEEEING.
  2467 | D:3      | 2467 ||| FLEEEEING.
  2472 | D:3      | 2472 ||| FLEEEEING.
  2473 | D:3      | 2473 ||| FLEEEEING.
  2474 | D:3      | 2474 ||| FLEEEEING.
  2475 | D:3      | 2475 ||| FLEEEEING.
  2481 | D:3      | 2481 ||| DRINKING 3 potions of curing.
  2481 | D:3      | 2481 ||| (to cure confusion)
  2482 | D:3      | 2482 ||| DRINKING 2 potions of curing.
  2482 | D:3      | 2482 ||| (to cure confusion)
  2518 | D:3      | 2518 ||| DROPPING +1 whip of venom.
  2616 | D:3      | 2616 ||| Stepping ~*~*~tactically~*~*~ (stealth).
  2690 | D:3      | HP: 7/38 [gnoll/+0 halberd (9)]
  2691 | D:3      | 2691 ||| READING 2 scrolls of teleportation.
  2692 | D:3      | Slain by a gnoll

Levels and vault maps discovered:
D:1:      denvon_arrival_planthouse, layout_basic
D:2:      layout_loops_cross
D:3:      lemuel_castle_with_subvaults [lemuel_castle_interior_original],
          layout_basic, gammafunk_temple_overflow_wave, minmay_misc_feat_chi

Skill      XL: |  1  2  3  4  5 |
---------------+----------------+-----
Axes           | 2 3 4 5 |  5.4
Fighting       | 4 |  4.0
Dodging        | 1 |  1.6
Armour         | |  3.2
Shields        | |  3.2

Action                     |  1- 3 |  4- 6 || total
---------------------------+-------+-------++-------
  Melee: War axe           |    99 |    92 ||   191
  Throw: Boomerang         |     7 |    24 ||    31
    Use: Scroll            |     8 |     1 ||     9
         Potion            |     1 |     2 ||     3
 Armour: Scale mail        |    54 |    67 ||   121
  Dodge: Dodged            |    54 |    69 ||   123
  Block: Buckler           |    22 |    24 ||    46

Table legend:
 A = Non-vault XP
 B = Vault XP
 C = Vault XP percentage of total XP
 D = Non-vault monster count
 E = Vault monster count
 F = Vault count percentage of total count
                 A         B        C        D         E       F
            +---------+---------+-------+---------+---------+-------
      Total |      60 |     425 |  87.6 |      31 |      42 |  57.5
            +---------+---------+-------+---------+---------+-------
        D:1 |      23 |       0 |   0.0 |      11 |       0 |   0.0
        D:2 |      30 |       0 |   0.0 |      16 |       0 |   0.0
        D:3 |       7 |     425 |  98.4 |       4 |      42 |  91.3
            +---------+---------+-------+---------+---------+-------
